 Dungeon Crawl Stone Soup version 0.29.1-15-g9cfb28693d (webtiles) character file.

Game seed: 11581555740327227447

2074 Jase the Slicer (level 9, -4/48 HPs)
             Began as a Kobold Brigand on Mar 27, 2023.
             Was a Believer of Wu Jian.
             Slain by a wraith (7 damage)
             ... on level 7 of the Dungeon.
             The game lasted 00:20:48 (7743 turns).

Jase the Slicer (Kobold Brigand)                    Turns: 7743, Time: 00:20:48

Health: -4/48      AC:  4    Str:  9    XL:     9   Next: 51%
Magic:  9/9        EV: 19    Int: 12    God:    Wu Jian [**....]
Gold:   66         SH:  0    Dex: 20    Spells: 8/8 levels left

rFire   + . .      SeeInvis .   a - +2 dagger (drain)
rCold   + . .      Faith    .   (no shield)
rNeg    . . .      Spirit   .   C - +1 robe {rC+ rF+}
rPois   .          Reflect  .   (no helmet)
rElec   .          Harm     .   c - +0 cloak
rCorr   .          Rampage  .   (no gloves)
Will    +....                   (no boots)
Stlth   ++++++....              (no amulet)
HPRegen 0.16/turn               p - ring of willpower
MPRegen 0.11/turn               (no ring)

@: slowed, very slow
A: small, no large weapons, nightstalker 3
a: Renounce Religion, Wall Jump


You were on level 7 of the Dungeon.
You worshipped Wu Jian.
Wu Jian was pleased with you.
You visited 1 branch of the dungeon, and saw 7 of its levels.

You collected 381 gold pieces.
You spent 315 gold pieces at shops.

Inventory:

Hand Weapons
 a - a +2 dagger of draining (weapon)
 b - a +0 rapier
Missiles
 d - 25 poisoned darts
 e - 8 curare-tipped darts
 h - 79 stones
 k - 4 atropa-tipped darts (quivered)
 H - a boomerang
Armour
 c - a +0 cloak (worn)
 C - a +1 robe of resistance (worn)
Jewellery
 p - a ring of willpower (left hand)
Wands
 w - a wand of flame (30)
 F - a wand of quicksilver (10)
Scrolls
 f - 3 scrolls of fear
 i - 2 scrolls of blinking {unknown}
 l - 2 scrolls of vulnerability {unknown}
 n - 3 scrolls of torment {unknown}
 o - 2 scrolls of enchant weapon {unknown}
 q - a scroll of amnesia {unknown}
 u - 2 scrolls of butterflies {unknown}
 v - 4 scrolls of teleportation {unknown}
 x - a scroll of silence {unknown}
 y - a scroll of magic mapping
 z - 2 scrolls of brand weapon
 B - 2 scrolls of enchant armour {unknown}
 D - a scroll of poison
Potions
 g - a potion of haste {unknown}
 j - a potion of brilliance
 m - a potion of flight
 r - a potion of resistance
 s - 3 potions of curing
 t - a potion of ambrosia
 A - 2 potions of heal wounds
 E - a potion of mutation {unknown}
 G - a potion of cancellation


   Skills:
 - Level 2.1 Fighting
 * Level 11.2 Short Blades
 - Level 2.1 Throwing
 + Level 7.1 Dodging
 + Level 10.1 Stealth


You had 8 spell levels left.
You didn't know any spells.
Your spell library contained the following spells:

 Spells                   Type           Power      Damage    Failure   Level
 Frozen Ramparts          Ice            0%         1d1       69%         3
 Ice Form                 Ice/Tmut       0%         N/A       97%         4
 Summon Ice Beast         Ice/Summ       0%         N/A       97%         4


Dungeon Overview and Level Annotations

Branches:
Dungeon (7/15)             Temple (0/1) D:7

Altars:
Fedhas
Makhleb
Nemelex Xobeh
Okawaru
Wu Jian
Yredelemnul

Shops:
D:3 !(   D:4 *   D:5 (   D:6 :(*   D:7 (

Annotations:
D:4 3 runed translucent doors
D:7 2 transporters, exclusions: ice statue and 2 oklob plants, Pikel


Innate Abilities, Weirdness & Mutations

You are small and have problems with some larger weapons.
You are completely attuned to the shadows.


Message History

The wraith is severely damaged.
You feel yourself speed up.
You hit the wraith.
The wraith is almost destroyed.
The wraith misses you.
You hit the wraith.
The wraith is almost destroyed.
You hit the wraith.
The wraith is almost destroyed.
The wraith closely misses you.
You hit the wraith but do no damage.
The wraith is almost destroyed.
You hit the wraith but do no damage.
The wraith is almost destroyed.
The wraith closely misses you.
You hit the wraith but do no damage.
The wraith is almost destroyed.
You hit the wraith but do no damage.
The wraith is almost destroyed.
The wraith hits you!
* * * LOW HITPOINT WARNING * * *
The wraith drains your vigour!
You feel yourself slow down.
You hit the wraith but do no damage.
The wraith is almost destroyed.
The wraith hits you!
* * * LOW HITPOINT WARNING * * *
The wraith drains your vigour!
You feel as though you will be slow longer.
You barely miss the wraith.
The wraith is almost destroyed.
You hit the wraith but do no damage.
The wraith is almost destroyed.
The wraith barely misses you.
You barely miss the wraith.
The wraith is almost destroyed.
The wraith completely misses you.
You hit the wraith but do no damage.
The wraith is almost destroyed.
The wraith hits you!
You die...

######..##
##... ##..
### .# .#
.#
####.###
#.W@.<..
#.#...##
.. ......
# .#...##
#.##.## #
.#


P.♣PPP ##'# ....PP You could see a wraith.

Vanquished Creatures
  A wyvern (D:7)
  Menkaure (D:7)
  A water moccasin (D:6)
  2 black bears
  A sky beast (D:7)
  An ogre (D:6)
  A phantom (D:7)
  Blork the orc (D:5)
  2 bullfrogs
  2 scorpions
  A howler monkey (D:5)
  5 hounds
  4 jellies
  A gnoll bouda (D:6)
  5 orc priests
  Crazy Yiuf (D:5)
  3 iguanas
  3 orc wizards
  8 gnolls
  14 adders
  A white imp (D:6)
  2 worms
  A dart slug (D:3)
  16 orcs
  6 ball pythons
  2 endoplasms (D:2)
  4 giant cockroaches
  9 goblins
  5 hobgoblins
  3 quokkas (D:1)
  5 bats
  4 frilled lizards
  6 kobolds
  3 rats
125 creatures vanquished.

Notes
Turn   | Place    | Note
-------+----------+-------------------------------------------
     0 | D:1      | Jase the Kobold Brigand began the quest for the Orb.
     0 | D:1      | Reached XP level 1. HP: 12/12 MP: 1/1
   112 | D:1      | Noticed a great orb of eyes
   113 | D:1      | Noticed an eye of devastation
   125 | D:1      | Noticed a golden eye
   126 | D:1      | Found a faded altar of an unknown god.
   146 | D:1      | Noticed a golden eye
   148 | D:1      | Reached skill level 3 in Short Blades
   316 | D:1      | Reached XP level 2. HP: 17/17 MP: 2/2
   837 | D:2      | Reached XP level 3. HP: 3/21 MP: 3/3
  1184 | D:2      | Reached skill level 4 in Short Blades
  1388 | D:2      | Reached XP level 4. HP: 25/26 MP: 4/4
  1817 | D:2      | Reached skill level 5 in Short Blades
  1817 | D:2      | Reached XP level 5. HP: 24/30 MP: 5/5
  1951 | D:2      | Found a burning altar of Makhleb.
  1957 | D:2      | Identified the +10 mace of the Battered Lies {freeze, Dex+3
                  | Stlth+}
  2179 | D:3      | Found Iggyusitz's Distillery.
  2184 | D:3      | Bought a potion of degeneration for 10 gold pieces
  2184 | D:3      | Bought a potion of curing for 30 gold pieces
  2184 | D:3      | Bought a potion of ambrosia for 80 gold pieces
  2294 | D:3      | Found Noarch's Weapon Boutique.
  2324 | D:3      | Found a basalt altar of Yredelemnul.
  2877 | D:3      | Found an ornate altar of the Wu Jian Council.
  2891 | D:3      | Became a worshipper of the Wu Jian Council
  3010 | D:4      | Found Momen's Assorted Antiques.
  3087 | D:4      | Found a sparkling altar of Nemelex Xobeh.
  3087 | D:4      | Found an iron altar of Okawaru.
  3261 | D:4      | Found a runed translucent gate.
  3261 | D:4      | Found a runed translucent gate.
  3262 | D:4      | Found a runed translucent gate.
  3672 | D:4      | Reached XP level 6. HP: 35/35 MP: 6/6
  3688 | D:4      | Reached skill level 6 in Short Blades
  4115 | D:5      | Entered Level 5 of the Dungeon
  4239 | D:5      | Reached XP level 7. HP: 40/40 MP: 7/7
  4397 | D:5      | Found a runed translucent door.
  4400 | D:5      | Noticed Crazy Yiuf
  4508 | D:5      | Found Ywulas's Antique Weapon Shoppe.
  4639 | D:5      | Reached * piety under Wu Jian
  4655 | D:5      | Reached skill level 7 in Short Blades
  4782 | D:5      | Noticed Blork the orc
  4785 | D:5      | Killed Blork the orc
  5226 | D:5      | Killed Crazy Yiuf
  5227 | D:5      | Reached skill level 8 in Short Blades
  5293 | D:6      | Found Ratzaith's Book Boutique.
  5293 | D:6      | Found Viulet's Weapon Shop.
  5297 | D:6      | Noticed a water moccasin
  5300 | D:6      | Reached skill level 5 in Dodging
  5300 | D:6      | Reached XP level 8. HP: 44/44 MP: 8/8
  5314 | D:6      | Reached skill level 9 in Short Blades
  5473 | D:6      | HP: 2/44 [ogre/+0 giant club (20)]
  5867 | D:6      | Found Urahyud's General Store.
  5876 | D:6      | Bought a potion of heal wounds for 65 gold pieces
  5876 | D:6      | Bought a scroll of poison for 52 gold pieces
  5876 | D:6      | Bought a scroll of fear for 52 gold pieces
  5876 | D:6      | Bought a scroll of identify for 26 gold pieces
  6735 | D:7      | Noticed Menkaure
  6736 | D:7      | Killed Menkaure
  6906 | D:7      | Found a blossoming altar of Fedhas.
  6923 | D:7      | Noticed an oklob plant
  7016 | D:7      | Reached skill level 10 in Short Blades
  7016 | D:7      | Reached XP level 9. HP: 48/48 MP: 9/9
  7046 | D:7      | Reached ** piety under Wu Jian
  7098 | D:7      | Found Kots's Antique Weapon Shop.
  7146 | D:7      | Found a transporter.
  7158 | D:7      | Noticed an ice statue
  7264 | D:7      | Noticed an oklob plant
  7265 | D:7      | Found a transporter.
  7390 | D:7      | Reached skill level 11 in Short Blades
  7390 | D:7      | Reached skill level 10 in Stealth
  7684 | D:7      | Found a staircase to the Ecumenical Temple.
  7686 | D:7      | Noticed Pikel
  7743 | D:7      | Slain by a wraith

Illustrated notes

Levels and vault maps discovered:
D:1:      dpeg_arrival_rhombus, layout_basic,
          hellmonk_ecumenical_altar_watching_god, serial_park_tiny_2
D:2:      layout_basic, serial_rivers, chequers_serial_rivers_room_b,
          chequers_serial_rivers_large_a, chequers_serial_rivers_micro_a,
          chequers_serial_rivers_micro_c, chequers_serial_rivers_micro_e,
          basic_altar, kennysheep_generic_room_12
D:3:      layout_loops_ring, lemuel_tele_altar, old_standard_altar,
          serial_shops, shop, nicolae_shop_bloodbath_and_beyond
D:4:      layout_cave_pods, nicolae_overflow_two_pavilions,
          gammafunk_ghost_cemetery, serial_shops, kennysheep_mini,
          glass_columns_a, kennysheep_nondescript, serial_bayou_ford_a,
          minmay_crystal_water
D:5:      layout_basic, serial_shops, nicolae_shop_crystal,
          uniq_crazy_yiuf_cottage, uniq_blork_the_orc
D:6:      layout_rooms, serial_shops, nicolae_shop_competitors_out_of_business,
          shop_coins, nicolae_shop_stone, chequers_serial_rivers_room_a
D:7:      layout_loops_corners, tgw_fedhas, minmay_temple_entry_glassed_door,
          nzn_ghost_randoct, serial_shops, shop_statue, minmay_circle_x,
          uniq_pikel, uniq_menkaure

Skill      XL: |  1  2  3  4  5  6  7  8  9 |
---------------+----------------------------+-----
Short Blades   | 3 4 5 6 8 10 11 | 11.2
Dodging        | 2 3 5 6 7 |  7.1
Stealth        | 6 7 8 9 10 | 10.1
Fighting       | |  2.1
Throwing       | |  2.1

Action                   |  1- 3 |  4- 6 |  7- 9 || total
-------------------------+-------+-------+-------++-------
Melee: Dagger            |    46 |    94 |   282 ||   422
       Punch             |     2 |       |     4 ||     6
Throw: Dart              |     5 |       |       ||     5
Invok: Lunge             |       |    13 |    32 ||    45
       Whirlwind         |       |       |    40 ||    40
  Use: Scroll            |       |     3 |     3 ||     6
       Potion            |       |     1 |     1 ||     2
 Stab: Sleeping          |    10 |    28 |    28 ||    66
       Distracted        |     1 |     2 |       ||     3
Armor: Robe              |     3 |     7 |    22 ||    32
Dodge: Dodged            |    22 |    42 |   112 ||   176
